TOP OF THE 1ST |
Lexington Legends batting - Pitching for Cedar Rapids Kernels : LHP Bobby Shaw
|
Pitching: LHP Bobby Shaw
|
|
Batting: RHB Yi-lin Niu
|
0-0: Called Strike 0-1: Ball 1-1: Fly out, F8 (Flyball, 78D, EV 102.5 MPH)
|
Batting: LHB Edgar Ortiz
|
0-0: Ball 1-0: Swinging Strike 1-1: Foul Ball, location: 2F 1-2: Foul Ball, location: 2F 1-2: Ground out 4-3 (Groundball, 4M, EV 86.2 MPH)
|
Batting: LHB Pablo Serrato
|
0-0: Foul Ball, location: 2F 0-1: Ball 1-1: Called Strike 1-2: Ground out 4-3 (Groundball, 4, EV 78.8 MPH)
|
Top of the 1st over - 0 runs, 0 hits, 0 errors, 0 left on base; Lexington 0 - Cedar Rapids 0 |
BOTTOM OF THE 1ST |
Cedar Rapids Kernels batting - Pitching for Lexington Legends : LHP Butch Ott
|
Pitching: LHP Butch Ott
|
|
Batting: LHB Brian Wagner
|
0-0: Foul Ball, location: 2F 0-1: Ground out U3 (Groundball, 3, EV 91.9 MPH)
|
Batting: LHB Marvin Shepherd
|
0-0: Ball 1-0: Swinging Strike 1-1: Swinging Strike 1-2: Ball 2-2: Foul Ball, location: 2F 2-2: Ball 3-2: Base on Balls
|
Batting: RHB Kevin Harris
|
0-0: Called Strike 0-1: Ball 1-1: Grounds into double play, 6-4-3 (Groundball, 6, EV 98.8 MPH)
|
Bottom of the 1st over - 0 runs, 0 hits, 0 errors, 0 left on base; Lexington 0 - Cedar Rapids 0 |
TOP OF THE 2ND |
Lexington Legends batting - Pitching for Cedar Rapids Kernels : LHP Bobby Shaw
|
Batting: RHB Chang-keun Baik
|
0-0: Swinging Strike 0-1: Ball 1-1: Ball 2-1: Ball 3-1: Base on Balls
|
Batting: RHB Jesus Malave
|
0-0: Ball 1-0: Ball 2-0: SINGLE (Groundball, 6MD, EV 105.0 MPH) Chang-keun Baik to second
|
Batting: RHB Pat McCoy
|
0-0: Ball 1-0: Ball 2-0: Ball 3-0: Base on Balls Chang-keun Baik to third Jesus Malave to second
|
Batting: LHB Danny Pacheco
|
0-0: Foul Ball, location: 2F 0-1: Ball 1-1: Swinging Strike 1-2: Ball 2-2: Foul Ball, location: 2F 2-2: Foul Ball, location: 2F 2-2: Fielders Choice at 2nd, 3-6 (Groundball, 3, EV 80.6 MPH) Chang-keun Baik scores Jesus Malave to third
|
Batting: RHB Carlos Almada
|
0-0: Called Strike 0-1: Ball 1-1: Ball 2-1: Ball 3-1: Foul Ball, location: 2F 3-2: Fielders Choice at 2nd, 5-4 (Groundball, 56S, EV 88.1 MPH) Jesus Malave scores
|
Batting: RHB Justin Goff
|
0-0: Ball 1-0: Foul Ball, location: 2F 1-1: Called Strike 1-2: Foul Ball, location: 2F 1-2: Ball 2-2: Ball 3-2: Strikes out swinging
|
Top of the 2nd over - 2 runs, 1 hit, 0 errors, 1 left on base; Lexington 2 - Cedar Rapids 0 |
BOTTOM OF THE 2ND |
Cedar Rapids Kernels batting - Pitching for Lexington Legends : LHP Butch Ott
|
Batting: LHB Shaun Price
|
0-0: Swinging Strike 0-1: Swinging Strike 0-2: Ball 1-2: Foul Ball, location: 2F 1-2: SOLO HOME RUN (Flyball, 9D, EV 95.6 MPH), Distance : 370 ft
|
Batting: LHB Kuemon Shishido
|
0-0: Ball 1-0: Called Strike 1-1: Called Strike 1-2: Ball 2-2: Ball 3-2: Strikes out swinging
|
Batting: RHB Nate Matson
|
0-0: Ball 1-0: Ball 2-0: Called Strike 2-1: Foul Ball, location: 2F 2-2: Strikes out swinging
|
Batting: LHB Hector Olvera
|
0-0: Ball 1-0: Ball 2-0: Swinging Strike 2-1: Fly out, F8 (Flyball, 8LM, EV 84.4 MPH)
|
Bottom of the 2nd over - 1 run, 1 hit, 0 errors, 0 left on base; Lexington 2 - Cedar Rapids 1 |
TOP OF THE 3RD |
Lexington Legends batting - Pitching for Cedar Rapids Kernels : LHP Bobby Shaw
|
Batting: RHB Yi-lin Niu
|
0-0: Called Strike 0-1: SOLO HOME RUN (Flyball, 7LD, EV 96.9 MPH), Distance : 354 ft
|
Batting: LHB Edgar Ortiz
|
0-0: Called Strike 0-1: Foul Ball, location: 2F 0-2: Ball 1-2: Foul Ball, location: 2F 1-2: Foul Ball, location: 2F 1-2: Ball 2-2: Strikes out swinging
|
Batting: LHB Pablo Serrato
|
0-0: Called Strike 0-1: DOUBLE (Line Drive, 5D, EV 98.1 MPH)
|
Batting: RHB Chang-keun Baik
|
0-0: Called Strike 0-1: Swinging Strike 0-2: Strikes out swinging
|
Batting: RHB Jesus Malave
|
0-0: Ground out 4-3 (Groundball, 34, EV 101.9 MPH)
|
Top of the 3rd over - 1 run, 2 hits, 0 errors, 1 left on base; Lexington 3 - Cedar Rapids 1 |
BOTTOM OF THE 3RD |
Cedar Rapids Kernels batting - Pitching for Lexington Legends : LHP Butch Ott
|
Batting: RHB Dave Berry
|
0-0: Ball 1-0: Swinging Strike 1-1: Ball 2-1: Foul Ball, location: 2F 2-2: Strikes out swinging
|
Batting: RHB Antonio Santos
|
0-0: Foul Ball, location: 2F 0-1: Swinging Strike 0-2: Strikes out swinging
|
Batting: LHB Brian Wagner
|
0-0: Ball 1-0: Ball 2-0: Ball 3-0: Foul Ball, location: 2F 3-1: Swinging Strike 3-2: Strikes out swinging
|
Bottom of the 3rd over - 0 runs, 0 hits, 0 errors, 0 left on base; Lexington 3 - Cedar Rapids 1 |
TOP OF THE 4TH |
Lexington Legends batting - Pitching for Cedar Rapids Kernels : LHP Bobby Shaw
|
Batting: RHB Pat McCoy
|
0-0: Called Strike 0-1: Ball 1-1: Swinging Strike 1-2: Foul Ball, location: 2F 1-2: Ball 2-2: Fly out, F7 (Flyball, 78M, EV 81.2 MPH)
|
Batting: LHB Danny Pacheco
|
0-0: Ball 1-0: Ball 2-0: Foul Ball, location: 2F 2-1: Called Strike 2-2: Strikes out swinging
|
Batting: RHB Carlos Almada
|
0-0: Fly out, F3 (Popup, 3, EV 68.1 MPH)
|
Top of the 4th over - 0 runs, 0 hits, 0 errors, 0 left on base; Lexington 3 - Cedar Rapids 1 |
BOTTOM OF THE 4TH |
Cedar Rapids Kernels batting - Pitching for Lexington Legends : LHP Butch Ott
|
Batting: LHB Marvin Shepherd
|
0-0: Ball 1-0: Ball 2-0: Called Strike 2-1: Swinging Strike 2-2: Foul Ball, location: 2F 2-2: Strikes out swinging
|
Batting: RHB Kevin Harris
|
0-0: Ball 1-0: Called Strike 1-1: Ball 2-1: Fly out, F6 (Popup, 6M, EV 70.0 MPH)
|
Pitching: LHP Tyler Abraham
|
|
Batting: LHB Shaun Price
|
0-0: Ball 1-0: Foul Ball, location: 2F 1-1: Swinging Strike 1-2: Strikes out swinging
|
Bottom of the 4th over - 0 runs, 0 hits, 0 errors, 0 left on base; Lexington 3 - Cedar Rapids 1 |
TOP OF THE 5TH |
Lexington Legends batting - Pitching for Cedar Rapids Kernels : LHP Bobby Shaw
|
Batting: RHB Justin Goff
|
0-0: Called Strike 0-1: Ball 1-1: Reached on error, E4 (Groundball, 4, EV 82.5 MPH)
|
Batting: RHB Yi-lin Niu
|
0-0: Ball 1-0: Ball Wild Pitch! Justin Goff to second 2-0: Ball 3-0: Base on Balls
|
Batting: LHB Edgar Ortiz
|
0-0: Ball 1-0: Swinging Strike 1-1: Hit by Pitch Justin Goff to third Yi-lin Niu to second
|
Batting: LHB Pablo Serrato
|
0-0: Ball 1-0: Called Strike 1-1: TRIPLE (Line Drive, 89XD, EV 104.4 MPH) Justin Goff scores Yi-lin Niu scores Edgar Ortiz scores
|
Pitching: RHP Scot Abbott
|
|
Batting: RHB Chang-keun Baik
|
0-0: Ball 1-0: 2-RUN HOME RUN (Flyball, 7LD, EV 90.6 MPH), Distance : 327 ft
|
Batting: RHB Jesus Malave
|
0-0: Ground out 3-1 (Groundball, 34S, EV 83.8 MPH)
|
Batting: RHB Pat McCoy
|
0-0: Foul Ball, location: 2F 0-1: Ball 1-1: Ball 2-1: Foul Ball, location: 2F 2-2: Ball 3-2: SINGLE (Groundball, 6S, EV 70.6 MPH) (infield hit)
|
Batting: LHB Danny Pacheco
|
0-0: Ball 1-0: Called Strike 1-1: Ball 2-1: Fly out, F9 (Flyball, 9S, EV 90.0 MPH)
|
Batting: RHB Carlos Almada
|
0-0: Called Strike 0-1: Swinging Strike 0-2: Strikes out swinging
|
Top of the 5th over - 5 runs, 3 hits, 1 error, 1 left on base; Lexington 8 - Cedar Rapids 1 |
BOTTOM OF THE 5TH |
Cedar Rapids Kernels batting - Pitching for Lexington Legends : LHP Tyler Abraham
|
Batting: LHB Kuemon Shishido
|
0-0: Called Strike 0-1: Ball 1-1: Ball 2-1: Ball 3-1: Base on Balls
|
Batting: RHB Nate Matson
|
0-0: Foul Ball, location: 2F 0-1: Foul Ball, location: 2F 0-2: Ball 1-2: 2-RUN HOME RUN (Flyball, 78XD, EV 101.2 MPH), Distance : 408 ft
|
Batting: LHB Hector Olvera
|
0-0: Called Strike 0-1: Foul Ball, location: 2F 0-2: SINGLE (Groundball, 4MD, EV 106.9 MPH)
|
Batting: RHB Dave Berry
|
0-0: Called Strike 0-1: Called Strike Hector Olvera steals 2nd base 0-2: Foul Ball, location: 2F 0-2: Ball 1-2: Ball 2-2: Ball 3-2: Strikes out swinging
|
Batting: RHB Antonio Santos
|
0-0: Ball 1-0: Swinging Strike 1-1: Foul Ball, location: 2F 1-2: Ball 2-2: Foul Ball, location: 2F 2-2: Strikes out swinging
|
Batting: LHB Brian Wagner
|
0-0: Foul Ball, location: 2F 0-1: Ball 1-1: Ball 2-1: Ground out 4-3 (Groundball, 4, EV 90.0 MPH)
|
Bottom of the 5th over - 2 runs, 2 hits, 0 errors, 1 left on base; Lexington 8 - Cedar Rapids 3 |
TOP OF THE 6TH |
Lexington Legends batting - Pitching for Cedar Rapids Kernels : RHP Scot Abbott
|
Batting: RHB Justin Goff
|
0-0: Called Strike 0-1: Ball 1-1: Foul Ball, location: 2F 1-2: Ball 2-2: Fly out, F7 (Flyball, 78M, EV 83.8 MPH)
|
Batting: RHB Yi-lin Niu
|
0-0: Called Strike 0-1: Swinging Strike 0-2: SINGLE (Line Drive, 9S, EV 100.0 MPH)
|
Pitching: LHP Josh Armstrong
|
|
Batting: LHB Edgar Ortiz
|
0-0: Ball 1-0: Ball 2-0: Called Strike 2-1: Foul Ball, location: 2F 2-2: Foul Ball, location: 2F 2-2: Ball 3-2: Base on Balls Yi-lin Niu to second
|
Batting: LHB Pablo Serrato
|
0-0: Ball 1-0: Ball 2-0: Foul Ball, location: 2F 2-1: Ball 3-1: Base on Balls Yi-lin Niu to third Edgar Ortiz to second
|
Batting: RHB Chang-keun Baik
|
0-0: Ball 1-0: Swinging Strike 1-1: Called Strike 1-2: Ground out 5-3 (Groundball, 56S, EV 70.6 MPH) Yi-lin Niu scores Edgar Ortiz to third Pablo Serrato to second
|
Batting: RHB Jesus Malave
|
0-0: Called Strike 0-1: Ball 1-1: Foul Ball, location: 2F 1-2: Ball 2-2: Ground out U3 (Groundball, 3, EV 90.6 MPH)
|
Top of the 6th over - 1 run, 1 hit, 0 errors, 2 left on base; Lexington 9 - Cedar Rapids 3 |
BOTTOM OF THE 6TH |
Cedar Rapids Kernels batting - Pitching for Lexington Legends : LHP Tyler Abraham
|
Batting: LHB Marvin Shepherd
|
0-0: Called Strike 0-1: Ball 1-1: SINGLE (Groundball, 4D, EV 99.4 MPH)
|
Pitching: RHP Greg Sell
|
|
Batting: RHB Kevin Harris
|
0-0: Ball 1-0: Foul Ball, location: 2F 1-1: Ball 2-1: SINGLE (Line Drive, 8LS, EV 105.6 MPH) Marvin Shepherd to second
|
Batting: LHB Shaun Price
|
0-0: Fly out, F7 (Flyball, 7D, EV 85.6 MPH) Runner from 2nd tags up, OUT at 3rd! 7-5
|
Batting: LHB Kuemon Shishido
|
0-0: Foul Ball, location: 2F 0-1: Called Strike Kevin Harris is caught stealing 2nd base 2-6
|
Bottom of the 6th over - 0 runs, 2 hits, 0 errors, 0 left on base; Lexington 9 - Cedar Rapids 3 |
TOP OF THE 7TH |
Lexington Legends batting - Pitching for Cedar Rapids Kernels : LHP Josh Armstrong
|
Batting: RHB Pat McCoy
|
0-0: Called Strike 0-1: Called Strike 0-2: Ball 1-2: Ground out 5-3 (Groundball, 56, EV 108.8 MPH)
|
Batting: LHB Danny Pacheco
|
0-0: Swinging Strike 0-1: Ball 1-1: Ground out 3-1 (Groundball, 3D, EV 98.1 MPH)
|
Batting: RHB Carlos Almada
|
0-0: Ball 1-0: Foul Ball, location: 2F 1-1: Swinging Strike 1-2: Foul Ball, location: 2F 1-2: Ground out 4-3 (Groundball, 4, EV 91.9 MPH)
|
Top of the 7th over - 0 runs, 0 hits, 0 errors, 0 left on base; Lexington 9 - Cedar Rapids 3 |
BOTTOM OF THE 7TH |
Cedar Rapids Kernels batting - Pitching for Lexington Legends : RHP Greg Sell
|
Batting: LHB Kuemon Shishido
|
0-0: Ball 1-0: Ground out 3-1 (Groundball, 34S, EV 86.2 MPH)
|
Batting: RHB Nate Matson
|
0-0: Ball 1-0: Ball 2-0: Ground out 6-3 (Groundball, 6MD, EV 105.6 MPH)
|
Batting: LHB Hector Olvera
|
0-0: Ball 1-0: SINGLE (Line Drive, 89S, EV 98.8 MPH)
|
Batting: RHB Dave Berry
|
0-0: Called Strike 0-1: Ball 1-1: Ball 2-1: Foul Ball, location: 2F 2-2: Strikes out swinging
|
Bottom of the 7th over - 0 runs, 1 hit, 0 errors, 1 left on base; Lexington 9 - Cedar Rapids 3 |
TOP OF THE 8TH |
Lexington Legends batting - Pitching for Cedar Rapids Kernels : LHP Josh Armstrong
|
Batting: RHB Justin Goff
|
0-0: Foul Ball, location: 2F 0-1: Ball 1-1: Called Strike 1-2: Ball 2-2: Foul Ball, location: 2F 2-2: Ball 3-2: Fly out, F8 (Flyball, 8RD, EV 96.2 MPH)
|
Pitching: RHP Bruce Wight
|
|
Batting: RHB Yi-lin Niu
|
0-0: Ball 1-0: Ball 2-0: Ball 3-0: Called Strike 3-1: Foul Ball, location: 2F 3-2: Base on Balls
|
Batting: LHB Edgar Ortiz
|
0-0: Called Strike 0-1: Ball 1-1: Foul Ball, location: 2F 1-2: Strikes out swinging
|
Batting: LHB Pablo Serrato
|
0-0: Called Strike Yi-lin Niu steals 2nd base 0-1: Foul Ball, location: 2F 0-2: Foul Ball, location: 2F 0-2: Foul Ball, location: 2F 0-2: Strikes out swinging, 2-3 out at first.
|
Top of the 8th over - 0 runs, 0 hits, 0 errors, 1 left on base; Lexington 9 - Cedar Rapids 3 |
BOTTOM OF THE 8TH |
Cedar Rapids Kernels batting - Pitching for Lexington Legends : RHP Greg Sell
|
Batting: RHB Antonio Santos
|
0-0: Ball 1-0: Called Strike 1-1: Foul Ball, location: 2F 1-2: Strikes out swinging
|
Batting: LHB Brian Wagner
|
0-0: Foul Ball, location: 2F 0-1: Swinging Strike 0-2: Ball 1-2: Ball 2-2: Foul Ball, location: 2F 2-2: Strikes out looking
|
Batting: LHB Marvin Shepherd
|
0-0: Called Strike 0-1: Ball 1-1: Ball 2-1: Swinging Strike 2-2: Foul Ball, location: 2F 2-2: Ball 3-2: Strikes out swinging
|
Bottom of the 8th over - 0 runs, 0 hits, 0 errors, 0 left on base; Lexington 9 - Cedar Rapids 3 |
TOP OF THE 9TH |
Lexington Legends batting - Pitching for Cedar Rapids Kernels : RHP Bruce Wight
|
Batting: RHB Chang-keun Baik
|
0-0: SINGLE (Line Drive, 9S, EV 91.2 MPH)
|
Batting: RHB Jesus Malave
|
0-0: Ball 1-0: Called Strike 1-1: Fielders Choice at 2nd, 6-4 (Groundball, 6, EV 83.8 MPH)
|
Batting: RHB Pat McCoy
|
0-0: Ball 1-0: Called Strike 1-1: Fly out, F9 (Flyball, 89D, EV 83.8 MPH)
|
Batting: LHB Danny Pacheco
|
0-0: Fly out, F7 (Line Drive, 7S, EV 93.1 MPH)
|
Top of the 9th over - 0 runs, 1 hit, 0 errors, 1 left on base; Lexington 9 - Cedar Rapids 3 |
BOTTOM OF THE 9TH |
Cedar Rapids Kernels batting - Pitching for Lexington Legends : RHP Greg Sell
|
Pitching: RHP Ryan Crump
|
|
Batting: RHB Kevin Harris
|
0-0: Ball 1-0: Ball 2-0: Ball 3-0: Base on Balls
|
Batting: LHB Shaun Price
|
0-0: Called Strike 0-1: Ball Passed Ball! Kevin Harris to second 1-1: Swinging Strike 1-2: Strikes out swinging
|
Batting: LHB Kuemon Shishido
|
0-0: Foul Ball, location: 2F 0-1: Ground out 1-3 (Groundball, 25, EV 71.2 MPH)
|
Batting: RHB Nate Matson
|
0-0: Called Strike 0-1: Foul Ball, location: 2F 0-2: Foul Ball, location: 2F 0-2: Ball 1-2: Strikes out swinging
|
Bottom of the 9th over - 0 runs, 0 hits, 0 errors, 1 left on base; Lexington 9 - Cedar Rapids 3 |
|